 Dungeon Crawl Stone Soup version 0.19.5 (webtiles) character file.

56 sankara the Twirler (level 3, 0/30 HPs)
             Began as a Minotaur Gladiator on Mar 15, 2017.
             Slain by Paps's ghost (4 damage)
             ... on level 3 of the Dungeon.
             The game lasted 00:02:54 (1450 turns).

sankara the Twirler (Minotaur Gladiator)            Turns: 1450, Time: 00:02:54

Health: 0/30       AC:  8    Str: 19    XL:     3   Next: 71%
Magic:  2/2        EV:  8    Int:  5    God:
Gold:   139        SH:  0    Dex: 11    Spells: 0 memorised, 2 levels left

rFire  . . .     SeeInvis .     a - +0 quarterstaff
rCold  . . .     Gourm    .     n - +0 chain mail
rNeg   . . .     Faith    .     (shield currently unavailable)
rPois  .         Spirit   .     c - +0 hat
rElec  .         Reflect  .     (no cloak)
rCorr  .         Harm     .     (no gloves)
MR     .....                    (no boots)
Stlth  ..........               (no amulet)
                                (no ring)
                                k - ring of wizardry

@: very slightly contaminated, invisible
A: retaliatory headbutt, horns 2
a: no special abilities


You were on level 3 of the Dungeon.
You were not hungry.

You visited 1 branch of the dungeon, and saw 3 of its levels.

You collected 139 gold pieces.

Inventory:

Hand Weapons
 a - a +0 quarterstaff (weapon)
Missiles
 d - 3 throwing nets (quivered)
Armour
 c - a +0 hat (worn)
 n - a +0 chain mail (worn)
Jewellery
 k - a ring of wizardry (left hand)
Scrolls
 b - a scroll of fog {unknown}
 e - 3 scrolls of identify {unknown}
 i - 2 scrolls of amnesia {unknown}
 l - a scroll of enchant armour {unknown}
 r - a scroll of remove curse {unknown}
Potions
 g - a potion of curing
 j - a potion of invisibility
 m - a potion of haste {unknown}
 p - a potion of degeneration {unknown}
 q - a potion of flight {unknown}
Comestibles
 f - 3 bread rations


   Skills:
 + Level 2.9 Fighting
 * Level 4.7 Staves
 - Level 2.0 Throwing
 + Level 1.4 Armour
 + Level 3.7 Dodging


You had 2 spell levels left.
You didn't know any spells.

Dungeon Overview and Level Annotations

Branches:
Dungeon (3/15)

Altars:
Cheibriados
Hepliaklqana
Kikubaaqudgha
The Shining One

Annotations:
D:3 Paps's ghost, amateur DsFi


Innate Abilities, Weirdness & Mutations

You reflexively headbutt those who attack you in melee.
You have a pair of horns on your head.


Message History

Paps's ghost is heavily damaged.
Paps's ghost barely misses you. You furiously retaliate!
You headbutt Paps's ghost. Paps's ghost hits you!
* * * LOW HITPOINT WARNING * * *
It was a potion of invisibility.
You fade into invisibility!
Paps's ghost hits you but does no damage.
You are very lightly contaminated with residual magic.
You hit Paps's ghost but do no damage. You headbutt Paps's ghost.
Paps's ghost is severely damaged.
Paps's ghost barely misses you.
You hit Paps's ghost but do no damage.
Paps's ghost is severely damaged.
Paps's ghost whispers, "You will understand me better in a moment."
Paps's ghost closely misses you. You furiously retaliate!
You headbutt Paps's ghost. You hit Paps's ghost.
Your headbutt misses Paps's ghost.
Paps's ghost is severely damaged.
Paps's ghost hits you.
You die...

##### #
#...#.#
#?..#.
#.... ...
#W# #@#
#.##.#
#.##..
#.##>.
#.##.#
#.##.#
#.##.#
#..#.# .
##.#'####
#.##.


You could see Paps's ghost.

Vanquished Creatures
  2 adders
  An orc (D:2)
  4 bats
  3 giant cockroaches
  3 goblins (D:1)
  3 hobgoblins
  6 jackals (D:2)
  A quokka (D:2)
  A ball python (D:1)
  3 frilled lizards
  5 kobolds
  3 rats
35 creatures vanquished.

Notes
Turn   | Place    | Note
-------+----------+-------------------------------------------
     0 | D:1      | sankara the Minotaur Gladiator began the quest for the Orb.
     0 | D:1      | Reached XP level 1. HP: 18/18 MP: 0/0
   181 | D:1      | Reached XP level 2. HP: 25/25 MP: 1/1
   185 | D:1      | Reached skill level 4 in Staves
   625 | D:2      | Reached XP level 3. HP: 30/30 MP: 2/2
   633 | D:2      | Reached skill level 1 in Armour
  1088 | D:2      | Found an ancient bone altar of Kikubaaqudgha.
  1180 | D:2      | Found a glowing golden altar of the Shining One.
  1265 | D:2      | Found a hazy altar of Hepliaklqana.
  1266 | D:2      | Found a snail-covered altar of Cheibriados.
  1426 | D:3      | Noticed Paps's ghost (amateur DsFi)
  1450 | D:3      | Slain by Paps's ghost

Skill      XL: |  1  2  3 |
---------------+----------+-----
Staves         | 4 |  4.7
Armour         | 1 |  1.4
Fighting       | |  2.9
Throwing       | |  2.0
Dodging        | |  3.7

Action                   || total
-------------------------++-------
Melee: Quarterstaff      ||    71
       Headbutt          ||    14
  Use: Potion            ||     4
  Eat: Chunk             ||     2
Armor: Scale mail        ||    31
       Chain mail        ||    13
Dodge: Dodged            ||    54
